 Dungeon Crawl Stone Soup version 0.29-a0-231-g945431f764 (webtiles) character file.

Game seed: 13869980095238684146

8981 KJlag the Grappler (level 11, -2/117 HPs)
             Began as a Troll Fighter on Mar 1, 2022.
             Was a High Priest of Kikubaaqudgha.
             Slain by a skeletal warrior
             ... wielding a +0 halberd
             ... led by a skeletal warrior
              (10 damage)
             ... on level 14 of the Dungeon.
             The game lasted 01:33:35 (9139 turns).

KJlag the Grappler (Troll Fighter)                  Turns: 9139, Time: 01:33:39

Health: -2/117     AC:  9    Str: 30    XL:     11   Next: 17%
Magic:  10/10      EV: 10    Int: 10    God:    Kikubaaqudgha [*****.]
Gold:   315        SH:  9    Dex:  9    Spells: 10/10 levels left

rFire   + . .      SeeInvis .     - Unarmed
rCold   . . .      Faith    .   b - +0 kite shield
rNeg    . . .      Spirit   .   G - +0 acid dragon scales
rPois   +          Reflect  .   (helmet restricted)
rElec   .          Harm     .   t - +0 cloak {rPois}
rCorr   +          Rampage  .   (gloves unavailable)
Will    .....                   (boots unavailable)
Stlth   +.........              g - amulet of the acrobat
HPRegen 1.09/turn               h - ring of protection from fire
MPRegen 0.12/turn               n - +6 ring of intelligence

@: studying Fighting
A: large, unfitting armour, claws 3, regeneration 1, shaggy fur 1, tough skin 1
a: Renounce Religion, Receive Corpses, Torment


You were on level 14 of the Dungeon.
You worshipped Kikubaaqudgha.
Kikubaaqudgha was extremely pleased with you.
You visited 2 branches of the dungeon, and saw 13 of its levels.

You collected 555 gold pieces.
You spent 240 gold pieces at shops.

Inventory:

Missiles
 B - 7 large rocks (quivered)
Armour
 b - a +0 kite shield (worn)
 t - a +0 cloak of poison resistance (worn)
 G - +0 acid dragon scales (worn)
Jewellery
 g - an amulet of the acrobat (around neck)
 h - a ring of protection from fire (left claw)
 n - a +6 ring of intelligence (right claw)
Wands
 f - a wand of iceblast (32)
 l - a wand of flame (63)
 s - a wand of polymorph (7)
 v - a wand of acid (10)
 C - a wand of digging (5)
Scrolls
 d - 2 scrolls of magic mapping
 e - 2 scrolls of identify
 i - a scroll of teleportation
 j - 5 scrolls of fear
 k - 3 scrolls of blinking
 p - a scroll of acquirement
 q - a scroll of immolation
 r - 4 scrolls of amnesia
 u - a scroll of vulnerability
 y - a scroll of torment
 z - a scroll of brand weapon {unknown}
 A - 2 scrolls of silence
 E - a scroll of enchant armour {unknown}
Potions
 a - a potion of ambrosia
 c - 5 potions of might
 m - 6 potions of curing
 o - 2 potions of berserk rage
 w - a potion of flight
 x - a potion of invisibility
 F - 2 potions of mutation
 H - a potion of magic
 I - a potion of resistance
Miscellaneous
 D - a tin of tremorstones (2/2)


   Skills:
 + Level 10.1 Fighting
 * Level 7.2 Dodging
 + Level 7.0 Shields
 * Level 10.1 Unarmed Combat


You had 10 spell levels left.
You didn't know any spells.
Your spell library contained the following spells:

 Spells                   Type           Power      Damage    Failure   Level
 Animate Skeleton         Necr           0%         N/A       67%         1
 Apportation              Tloc           0%         N/A       67%         1
 Magic Dart               Conj           0%         1d3       67%         1
 Pain                     Necr           0%         1d4       67%         1
 Blink                    Tloc           0%         N/A       82%         2
 Call Imp                 Summ           0%         N/A       82%         2
 Corpse Rot               Necr/Air       0%         N/A       82%         2
 Scorch                   Fire           0%         2d5       82%         2
 Sublimation of Blood     Necr           0%         N/A       82%         2
 Call Canine Familiar     Summ           0%         N/A       96%         3
 Lesser Beckoning         Tloc           0%         N/A       96%         3
 Mephitic Cloud           Conj/Pois/Air  0%         N/A       96%         3
 Portal Projectile        Hex/Tloc       0%         N/A       96%         3
 Anguish                  Hex/Necr       0%         N/A       100%        4
 Animate Dead             Necr           0%         N/A       100%        4
 Dispel Undead            Necr           0%         3d6       100%        4
 Flame Wave               Conj/Fire      0%         2d4       100%        4
 Leda's Liquefaction      Hex/Erth       0%         N/A       100%        4
 Summon Ice Beast         Ice/Summ       0%         N/A       100%        4
 Alistair's Intoxication  Tmut/Pois      0%         N/A       100%        5
 Excruciating Wounds      Necr           0%         N/A       100%        5
 Manifold Assault         Tloc           0%         N/A       100%        5
 Summon Mana Viper        Hex/Summ       0%         N/A       100%        5
 Simulacrum               Ice/Necr       0%         N/A       100%        6
 Summon Cactus Giant      Summ           0%         N/A       100%        6
 Monstrous Menagerie      Summ           0%         N/A       100%        7


Dungeon Overview and Level Annotations

Branches:
Dungeon (11/15)            Temple (1/1) D:5            Lair (0/6) D:11
    Orc (0/2) D:11

Altars:
Ashenzari
Cheibriados
Dithmenos
Elyvilon
Fedhas
Gozag
Hepliaklqana
Kikubaaqudgha
Makhleb
Nemelex Xobeh
Okawaru
Qazlal
Ru
Sif Muna
Trog
Uskayaw
Vehumet
Wu Jian
Xom
Yredelemnul
Zin
The Shining One
Beogh

Shops:
D:4 *   D:6 ?   D:10 [   D:11 !


Innate Abilities, Weirdness & Mutations

You are too large for most types of armour.
You have claws for hands.
Your natural rate of healing is unusually fast.
You are covered in fur. (AC +1)
You have tough skin. (AC +1)


Message History

* * * LOW HITPOINT WARNING * * *
The vampire mosquito draws strength from your injuries!
The vampire mosquito bites you.
* * * LOW HITPOINT WARNING * * *
The vampire mosquito draws strength from your injuries!
Blink to where?
Press: ? - help, Dir - move target 2 skeletal warriors come into view.
Found a potion of mutation, 23 stones and 21 gold pieces.
As you read the scroll of blinking, it crumbles to dust.
A brown ugly thing comes into view.
The brown ugly thing gurgles horribly!
You hear a horrible gurgling sound! x2
The brown ugly thing basks in the mutagenic energy from its kin and changes!
A brown ugly thing comes into view.
The vampire mosquito bites you!
* * * LOW HITPOINT WARNING * * *
The vampire mosquito draws strength from your injuries!
A cyan ugly thing comes into view.
You hear a horrible gurgling sound! x2
Blink to where?
Press: ? - help, Dir - move target
As you read the scroll of blinking, it crumbles to dust.
You feel yourself speed up.
A cyan ugly thing comes into view.
The cyan ugly thing gurgles horribly!
As you read the scroll of teleportation, it crumbles to dust.
You feel strangely unstable. The vampire mosquito bites you!
* * * LOW HITPOINT WARNING * * *
The vampire mosquito draws strength from your injuries!
The vampire mosquito closely misses you.
Your surroundings suddenly seem different. 2 skeletal warriors come into view.
You block the skeletal warrior's attack.
Aiming: Polymorph
Press: ? - help, Shift-Dir - straight line, f - skeletal warrior
Aim: a skeletal warrior, wielding a +0 halberd (not susceptible)
The skeletal warrior is unaffected.
The skeletal warrior hits you from afar with a +0 halberd!
You die...
Kikubaaqudgha rasps: "You have failed me!
Welcome... death!"

.u.y......#
##.y.....## ##.....##
# ##...## #. ##z##
##.#
##y#####...#######
#.zy.z...#..z....#
#....!...##......#
#.##z..........z@...#
....ยง..............##
#.##......#..z.#...# #
#...y.....$....##
#....y...##....#
####.y...##....#
#..y.........##
#....#....#...#
#.............#


You could see 3 skeletal warriors.

Vanquished Creatures
  A cyclops (D:10)
  3 trolls
  8 yaks
  A wyvern (D:10)
  4 humans (D:7)
  Menkaure (D:4)
  9 vampire mosquitoes
  3 wargs (D:11)
  An acid dragon (D:11)
  3 water moccasins
  5 orc warriors
  An ice beast (D:6)
  3 sky beasts
  3 black bears
  2 ogres (D:5)
  6 centaurs
  3 kobold brigands
  2 bullfrogs
  Blork the orc (D:4)
  A necrophage (D:7)
  2 gnoll sergeants
  2 scorpions
  10 killer bees
  2 howler monkeys (D:10)
  4 hounds
  2 jellies
  10 orc priests
  Crazy Yiuf (D:5)
  2 iguanas
  11 orc wizards
  Ijyb (D:4)
  9 adders
  9 gnolls
  A shadow imp (D:5)
  A white imp (D:7)
  3 worms
  34 orcs
  4 ball pythons (D:1)
  7 endoplasms
  5 hobgoblins
  2 jackals (D:1)
  6 quokkas
  5 bats
  A frilled lizard (D:3)
  5 goblins
  22 kobolds
  6 rats
228 creatures vanquished.

Vanquished Creatures (others)
  2 plants (D:5)
2 creatures vanquished.

Grand Total: 230 creatures vanquished

Notes
Turn   | Place    | Note
-------+----------+-------------------------------------------
     0 | D:1      | KJlag the Troll Fighter began the quest for the Orb.
     0 | D:1      | Reached XP level 1. HP: 22/22 MP: 0/0
   169 | D:1      | Found a faded altar of an unknown god.
   183 | D:1      | Reached XP level 2. HP: 29/29 MP: 1/1
   201 | D:1      | Prayed at the altar of an unknown god.
   201 | D:1      | Became a worshipper of Kikubaaqudgha
   201 | D:1      | Reached * piety under Kikubaaqudgha
   201 | D:1      | Received a gift from Kikubaaqudgha
   617 | D:1      | Reached XP level 3. HP: 36/36 MP: 2/2
  1771 | D:3      | Reached XP level 4. HP: 43/44 MP: 3/3
  1805 | D:3      | Reached ** piety under Kikubaaqudgha
  2040 | D:3      | Reached XP level 5. HP: 53/53 MP: 4/4
  2427 | D:4      | Noticed a black bear
  2428 | D:4      | Noticed Ijyb
  2478 | D:4      | Killed Ijyb
  2479 | D:4      | Reached XP level 6. HP: 51/61 MP: 5/5
  2580 | D:4      | Noticed Menkaure
  2581 | D:4      | Killed Menkaure
  2672 | D:4      | Reached skill level 5 in Unarmed Combat
  2672 | D:4      | Reached XP level 7. HP: 67/67 MP: 6/6
  2689 | D:4      | Found Wuptey's General Store.
  2848 | D:4      | Noticed Blork the orc
  2858 | D:4      | Killed Blork the orc
  2900 | D:4      | Reached *** piety under Kikubaaqudgha
  2900 | D:4      | Received a gift from Kikubaaqudgha
  3233 | D:5      | Entered Level 5 of the Dungeon
  3342 | D:5      | Reached XP level 8. HP: 68/78 MP: 7/7
  3478 | D:5      | Found a staircase to the Ecumenical Temple.
  3492 | Temple   | Entered the Ecumenical Temple
  4091 | D:5      | Found a runed translucent door.
  4092 | D:5      | Noticed Crazy Yiuf
  4106 | D:5      | Killed Crazy Yiuf
  4355 | D:6      | Found Tige's Magic Scroll Boutique.
  4948 | D:7      | Reached skill level 5 in Dodging
  4975 | D:7      | Reached skill level 5 in Shields
  4975 | D:7      | Reached XP level 9. HP: 87/87 MP: 8/8
  5001 | D:7      | Reached skill level 5 in Fighting
  5015 | D:7      | Reached **** piety under Kikubaaqudgha
  5620 | D:8      | Identified a scroll of acquirement
  5621 | D:8      | Acquired a manual of Fighting
  6081 | D:8      | Found a shimmering blue altar of Sif Muna.
  6120 | D:8      | Found a hazy altar of Hepliaklqana.
  6434 | D:9      | Reached XP level 10. HP: 84/100 MP: 9/9
  6800 | D:9      | Reached ***** piety under Kikubaaqudgha
  7217 | D:10     | Entered Level 10 of the Dungeon
  7267 | D:10     | Noticed a cyclops
  7270 | D:10     | Killed a cyclops
  7601 | D:10     | Found Raitz's Armour Emporium.
  7700 | D:10     | Reached skill level 10 in Unarmed Combat
  8213 | D:11     | Found Ziuh's Distillery.
  8345 | D:11     | Bought a potion of mutation for 120 gold pieces
  8345 | D:11     | Bought a potion of mutation for 120 gold pieces
  8481 | D:11     | Found a staircase to the Orcish Mines.
  8529 | D:11     | Reached XP level 11. HP: 105/117 MP: 10/10
  8546 | D:11     | Reached skill level 10 in Fighting
  8745 | D:11     | Found a staircase to the Lair.
  9090 | D:11     | You fall into a shaft and drop 3 floors!
  9090 | D:14     | Noticed a centaur warrior
  9125 | D:14     | Noticed a tengu warrior
  9129 | D:14     | Noticed a skeletal warrior
  9130 | D:14     | Noticed a skeletal warrior
  9130 | D:14     | Noticed a skeletal warrior
  9132 | D:14     | Noticed a brown ugly thing
  9132 | D:14     | Noticed a brown ugly thing
  9132 | D:14     | Noticed a cyan ugly thing
  9135 | D:14     | Noticed a cyan ugly thing
  9136 | D:14     | HP: 5/117 [vampire mosquito (9)]
  9138 | D:14     | Noticed a skeletal warrior
  9138 | D:14     | Noticed a skeletal warrior
  9139 | D:14     | Slain by a skeletal warrior

Illustrated notes

Levels and vault maps discovered:
D:1:      psy_arrival_spokes, layout_basic,
          shapermc_ecumenical_altar_starsandcircs, minmay_shallow_snake_nest
D:2:      layout_basic
D:3:      layout_basic
D:4:      layout_basic, serial_shops, nicolae_shop_advertising_works
          [nicolae_subvault_shop_adworks], minmay_small_thing, uniq_menkaure,
          uniq_blork_the_orc, uniq_ijyb
D:5:      kennysheep_six_static_rooms, layout_basic,
          minmay_temple_entry_overgrown, uniq_crazy_yiuf_cottage
D:6:      layout_basic, serial_shops, shop
D:7:      layout_basic, minmay_ruffians
D:8:      layout_loops_cross, general_overflow_altar,
          worldfamousw_hep_ancestral_shrine
D:9:      layout_long_grid
D:10:     layout_irregular_city, serial_shops, shop, lightli_minifort
D:11:     layout_basic, erik_lair_orcish_takeover,
          minmay_orc_entry_temple_small, serial_shops, shop,
          gauntlet_entry_generic
D:14:     layout_loops_ring, erik_vaults_2, skrybe_limestone_x, uniq_josephine
Temple:   regret_index_temple_chain_breaker

Skill      XL: |  1  2  3  4  5  6  7  8  9 10 11 |
---------------+----------------------------------+-----
Unarmed Combat | 3 4 5 6 7 9 10 | 10.1
Shields        | 3 4 5 6 7 |  7.0
Fighting       | 3 4 6 9 10 | 10.1
Dodging        | 3 4 5 6 7 |  7.2

Action                   |  1- 3 |  4- 6 |  7- 9 | 10-12 || total
-------------------------+-------+-------+-------+-------++-------
Melee: Unarmed           |   104 |   118 |   325 |   243 ||   790
Evoke: Wand              |       |       |       |     1 ||     1
  Use: Scroll            |     7 |     3 |     6 |     9 ||    25
       Potion            |     6 |     2 |     5 |       ||    13
 Stab: Sleeping          |     1 |       |       |       ||     1
Armor: Robe              |    24 |    25 |    62 |    27 ||   138
       Acid dragon scale |       |       |       |    39 ||    39
Dodge: Dodged            |    30 |    34 |   162 |   182 ||   408
Block: Kite shield       |    23 |    29 |   109 |   137 ||   298

Table legend: (Time is in decaauts)
 A = Elapsed time spent in this place.
 B = Non-inter-level travel time spent in this place.
 C = Inter-level travel time spent in this place.
 D = Time resting spent in this place.
 E = Time spent auto-exploring this place.
 F = Levels seen in this place.
 G = Mean time per level.
                   A        B        C        D        E       F      G
               +--------+--------+--------+--------+--------+-----+--------+
         Total |   9130 |   8896 |    234 |    794 |   4908 |  13 |  702.3 |
       Dungeon |   8989 |   8755 |    234 |    794 |   4908 |  12 |  749.1 |
        Temple |    140 |    140 |      0 |      0 |      0 |   1 |  140.0 |
               +--------+--------+--------+--------+--------+-----+--------+

Top non-repeatable levels by time:
     D:2: 1132 daAuts
    D:10: 963 daAuts
     D:9: 936 daAuts
    D:11: 893 daAuts
     D:5: 874 daAuts
     D:8: 865 daAuts
     D:4: 850 daAuts
     D:6: 681 daAuts
     D:1: 654 daAuts
     D:3: 612 daAuts
     D:7: 470 daAuts
  Temple: 140 daAuts
    D:14: 53 daAuts
